 Dungeon Crawl Stone Soup version 0.28-a0-851-g8b9cc49 (webtiles) character file.

Game seed: 708993837059980815

447 Meow the Chiller (level 7, 56/56 HPs)
             Began as a Naga Ice Elementalist on Nov 14, 2021.
             Quit the game in the Ecumenical Temple.
             The game lasted 00:09:48 (3435 turns).

Meow the Chiller (Naga Ice Elementalist)            Turns: 3435, Time: 00:09:48

Health: 56/56      AC:  6    Str: 11    XL:     7   Next: 3%
Magic:  14/14      EV:  9    Int: 17    God:
Gold:   231        SH:  0    Dex: 11    Spells: 8/15 levels left

rFire   + . .      SeeInvis +   a - +0 falchion
rCold   . . .      Faith    .   (no shield)
rNeg    . . .      Spirit   .   c - +0 robe
rPois   +          Reflect  .   (no helmet)
rElec   .          Harm     .   t - +2 cloak
rCorr   .          Rampage  .   (no gloves)
Will    .....                   (no barding)
Stlth   ++........              (no amulet)
HPRegen 0.18/turn               b - ring of protection from fire
MPRegen 0.14/turn               (no ring)

@: very slow
A: AC +2, large, see invisible, deformed body, poison resistance, slowness 2,
spit poison 1, naga tail 1
a: Spit Poison


You were in the Ecumenical Temple.
You visited 2 branches of the dungeon, and saw 5 of its levels.

You collected 231 gold pieces.

Inventory:

Hand Weapons
 a - a +0 falchion (weapon)
 v - a +0 quarterstaff
 B - a +0 mace of protection
Missiles
 e - 53 arrows
 f - 51 sling bullets
 g - 71 stones (quivered)
 n - 9 boomerangs
 w - 2 javelins
Armour
 c - a +0 robe (worn)
 p - a +0 cloak
 t - a +2 cloak (worn)
Jewellery
 b - a ring of protection from fire (left hand)
 i - a ring of fire
 j - a ring of positive energy
Wands
 l - a wand of flame (10)
Scrolls
 h - a scroll of holy word {unknown}
 k - a scroll of amnesia {unknown}
 o - a scroll of enchant weapon {unknown}
 q - a scroll of immolation
 r - a scroll of magic mapping {unknown}
 s - a scroll of fear {unknown}
 u - a scroll of torment {unknown}
 x - a scroll of blinking {unknown}
 y - 2 scrolls of teleportation {unknown}
Potions
 d - 2 potions of brilliance {unknown}
 m - a potion of heal wounds {unknown}
 z - a potion of haste {unknown}
 A - a potion of flight {unknown}


   Skills:
 - Level 0.6 Fighting
 - Level 1.5 Dodging
 - Level 3.0 Stealth
 + Level 4.6 Spellcasting
 + Level 6.5 Ice Magic


You had 8 spell levels left.
You knew the following spells:

 Your Spells              Type           Power      Damage    Failure   Level
a - Freeze                Ice            100%       1d11      1%          1
e - Ozocubu's Armour      Ice            26%        N/A       3%          3
f - Frozen Ramparts       Ice            52%        1d7       3%          3

Your spell library contained the following spells:

 Spells                   Type           Power      Damage    Failure   Level
 Beastly Appendage        Tmut           6%         N/A       16%         1
 Wereblood                Tmut           3%         N/A       22%         2
 Hailstorm                Conj/Ice       15%        3d5       36%         4
 Spider Form              Tmut/Pois      3%         N/A       41%         3


Dungeon Overview and Level Annotations

Branches:
Dungeon (4/15)             Temple (1/1) D:4

Altars:
Ashenzari
Cheibriados
Dithmenos
Elyvilon
Fedhas
Gozag
Hepliaklqana
Kikubaaqudgha
Makhleb
Nemelex Xobeh
Okawaru
Qazlal
Ru
Sif Muna
Trog
Uskayaw
Vehumet
Wu Jian
Xom
Yredelemnul
Zin
The Shining One

Annotations:
D:3 1 runed translucent door, Elepheyn's ghost, amateur OpEE


Innate Abilities, Weirdness & Mutations

Your serpentine skin is tough. (AC +2)
You have supernaturally acute eyesight. (SInv)
Armour fits poorly on your strangely shaped body.
Your system is resistant to poisons. (rPois)
You cover ground very slowly.
You can spit poison.
You have a snake-like lower body.


Message History

Found a runed mace.
Found a stone staircase leading down.
You see here a +0 mace of protection.
B - a +0 mace of protection
There is a stone staircase leading down here.
Items here: )))) [.
Done exploring.
Done exploring.
There is a fountain of clear blue water here.
There is a staircase to the Ecumenical Temple here.
You climb downwards.
Welcome to the Ecumenical Temple!
Found three altars.
There is a staircase back to the Dungeon here.
Found three altars.
Found an opulent altar of Gozag.
Found a basalt altar of Yredelemnul.
There is a hazy altar of Hepliaklqana here.
Found a hide-covered altar of Uskayaw.
Key pressed, stopping explore.
Found a sparkling altar of Nemelex Xobeh.
Found a broken altar of Ashenzari.
Found a shadowy altar of Dithmenos.
Found a glowing golden altar of the Shining One.
Found a burning altar of Makhleb.
Found a shimmering blue altar of Sif Muna.
Found a glowing silver altar of Zin.
There is a glowing golden altar of the Shining One here.
Found a radiant altar of Vehumet.
Key pressed, stopping explore.
Found an iron altar of Okawaru.
Found a stormy altar of Qazlal.
Found a blossoming altar of Fedhas.
Found an ancient bone altar of Kikubaaqudgha.
Key pressed, stopping explore.
Done exploring.
Done exploring.
Done exploring.
Search for what [Enter for "bul", or ? for help]? goz
There is an opulent altar of Gozag here.
Are you sure you want to abandon this character and quit the game? (Confirm with "yes".)

##### #...# #####._.#####
#...........#
#####._.##.##.@.#####
#...................#
###._.##.##.⌠.##.##._.#####
..........................#
_.##.##._.##.##._.##.##._.#####
..............................#
.##._.##.##.<.##.##._.##.##._.#
..............................#
_.##.##.⌠.##.##.⌠.##.##._.#####


There were no monsters in sight!

Vanquished Creatures
  A black bear (D:4)
  A centaur zombie (D:4)
  A hound (D:4)
  A gnoll shaman (D:4)
  A jelly (D:4)
  An iguana (D:4)
  Terence (D:2)
  2 hound skeletons (D:4)
  5 gnolls (D:4)
  3 adders
  2 adder skeletons (D:4)
  An orc (D:4)
  8 ball pythons
  6 endoplasms
  3 giant cockroaches
  9 goblins
  7 hobgoblins
  2 jackals (D:4)
  5 quokkas
  8 bats
  A frilled lizard (D:3)
  5 kobolds
  7 rats
81 creatures vanquished.

Notes
Turn   | Place    | Note
-------+----------+-------------------------------------------
     0 | D:1      | Meow the Naga Ice Elementalist began the quest for the Orb.
     0 | D:1      | Reached XP level 1. HP: 15/15 MP: 3/3
   289 | D:1      | Reached XP level 2. HP: 22/22 MP: 5/5
   649 | D:1      | Reached XP level 3. HP: 28/28 MP: 4/6
   947 | D:2      | Learned a level 3 spell: Frozen Ramparts
   951 | D:2      | Learned a level 3 spell: Ozocubu's Armour
  1245 | D:2      | Noticed Terence
  1254 | D:2      | Killed Terence
  1255 | D:2      | Reached XP level 4. HP: 35/36 MP: 4/8
  1439 | D:3      | Reached skill level 5 in Ice Magic
  1493 | D:3      | Found a bloodstained altar of Trog.
  1938 | D:3      | Found a faded altar of an unknown god.
  2316 | D:3      | Found a runed translucent door.
  2316 | D:3      | Noticed Elepheyn's ghost (amateur OpEE)
  2543 | D:4      | Reached XP level 5. HP: 27/42 MP: 5/10
  2667 | D:4      | Found a staircase to the Ecumenical Temple.
  2749 | D:4      | Reached XP level 6. HP: 34/49 MP: 3/12
  2799 | D:4      | Reached skill level 6 in Ice Magic
  2928 | D:4      | Noticed a black bear
  2937 | D:4      | Killed a black bear
  3236 | D:4      | Reached XP level 7. HP: 32/56 MP: 6/14
  3369 | Temple   | Entered the Ecumenical Temple
  3435 | Temple   | Quit the game

Illustrated notes

Levels and vault maps discovered:
D:1:      dpeg_arrival_pits, layout_loops_ring, moated_statue,
          chequers_serial_rivers_large_b, st_stairs_3
D:2:      layout_rooms, minmay_distorted, uniq_terence
D:3:      layout_basic, nicolae_overflow_crystal_walls,
          ebering_ghost_inner_flame, shapermc_ecumenical_altar_pompeii,
          minmay_misc_feat_five
D:4:      layout_cave_pools, minmay_temple_entry_junction_2
Temple:   grunt_wide_crystal_templ

Skill      XL: |  1  2  3  4  5  6 |
---------------+-------------------+-----
Spellcasting   | 3 4 |  4.6
Ice Magic      | 5 6 |  6.5
Fighting       | |  0.6
Dodging        | |  1.5
Stealth        | |  3.0

Action                   |  1- 3 |  4- 6 |  7- 9 || total
-------------------------+-------+-------+-------++-------
Melee: Club              |     1 |       |       ||     1
       Falchion          |     2 |    50 |       ||    52
Throw: Stone             |     1 |       |       ||     1
 Cast: Freeze            |    22 |    11 |       ||    33
       Frozen Ramparts   |     1 |    12 |       ||    13
       Ozocubu's Armour  |       |     1 |       ||     1
 Abil: Spit Poison       |    37 |    25 |       ||    62
Armor: Robe              |     9 |    57 |       ||    66
Dodge: Dodged            |     8 |    40 |       ||    48

Table legend: (Time is in decaauts)
 A = Elapsed time spent in this place.
 B = Non-inter-level travel time spent in this place.
 C = Inter-level travel time spent in this place.
 D = Time resting spent in this place.
 E = Time spent auto-exploring this place.
 F = Levels seen in this place.
 G = Mean time per level.
                   A        B        C        D        E       F      G
               +--------+--------+--------+--------+--------+-----+--------+
         Total |   4596 |   4290 |    306 |    362 |   3177 |   5 |  919.2 |
       Dungeon |   4504 |   4215 |    289 |    362 |   3125 |   4 | 1126.0 |
        Temple |     91 |     75 |     16 |      0 |     51 |   1 |   91.0 |
               +--------+--------+--------+--------+--------+-----+--------+

Top non-repeatable levels by time:
     D:3: 1643 daAuts
     D:1: 1197 daAuts
     D:4: 1005 daAuts
     D:2: 657 daAuts
  Temple: 91 daAuts
